 Dungeon Crawl Stone Soup version 0.16-a0-791-gf1c67de (webtiles) character file.

70533 Psiweapon the Unseen (level 15, -1/67 HPs)
             Began as a Kobold Enchanter on Sept 27, 2014.
             Was the Champion of Sif Muna.
             Slain by a spatial maelstrom (10 damage)
             ... on Level 1 of the Abyss on Sept 28, 2014.
             The game lasted 04:43:26 (34152 turns).

Psiweapon the Unseen (Kobold Enchanter)            Turns: 34152, Time: 04:43:29

HP  -1/67        AC 11     Str  5      XL: 15   Next: 78%
MP  33/37        EV 16     Int 20      God: Sif Muna [******]
Gold 2158        SH  0     Dex 19      Spells: 11 memorised,  2 levels left

rFire  . . .     SeeInvis .     O - +3 dagger (elec)
rCold  + + .     Clarity  .     E - +3 leather armour {rC+}
rNeg   . . .     rCorr    .     (no shield)
rPois  .         rRot     .     F - +2 helmet
rElec  .         Spirit   .     i - +2 cloak {rC+}
SustAb .         Warding  .     (no gloves)
rMut   +         Stasis   .     k - +0 pair of boots
Gourm  .                        y - amulet of resist mutation
MR     ++...                    e - +5 ring of intelligence
                                C - ring of magical power

@: liquid flames, about to teleport, glowing, very resistant to hostile
enchantments, fairly stealthy
A: blurry vision 1, carnivore 3, deformed body, dopey 1, frail 2, low mp 1,
magic resistance 1, spit poison 1, weak 1, forlorn
a: Spit Poison, Channel Energy, Forget Spell, Renounce Religion


You were on level 1 of the Abyss.
You worshipped Sif Muna.
Sif Muna was exalted by your worship.
You were not hungry.

You visited 3 branches of the dungeon, and saw 26 of its levels.
You visited the Abyss 1 time.
You also visited: Sewer and Ice Cave.

You collected 2747 gold pieces.
You spent 589 gold pieces at shops.

Inventory:

Hand weapons
 a - a +3 dagger of speed
 b - a +0 hand crossbow
 t - a +1 cutlass of speed
 K - a +1 scimitar of flaming
 O - a +3 dagger of electrocution (weapon)
 S - a +0 blowgun
 T - a +1 dagger of distortion
Missiles
 f - 22 tomahawks (quivered)
 g - 13 tomahawks of returning
 q - 198 bolts
 A - 4 throwing nets
 X - 47 poisoned needles
Armour
 i - a +2 cloak of cold resistance (worn)
 k - a +0 pair of boots (worn)
 E - a +3 leather armour of cold resistance (worn)
 F - a +2 helmet (worn)
 N - a +0 buckler
Magical devices
 c - a wand of confusion (19)
 j - a wand of invisibility (0)
 D - a wand of disintegration (11)
Comestibles
 d - 6 meat rations
 V - 6 royal jellies
Scrolls
 h - 2 scrolls of blinking
 m - 2 scrolls of fear
 n - 3 scrolls of recharging {unknown}
 r - 5 scrolls of magic mapping
 u - 3 scrolls of immolation
 w - 8 scrolls of remove curse
 R - 3 scrolls of teleportation
Jewellery
 e - a +5 ring of intelligence (right hand)
 l - an uncursed ring of protection from magic
 p - an uncursed ring of ice
 s - an uncursed ring of poison resistance
 y - an amulet of resist mutation (around neck)
 C - a ring of magical power (left hand)
 I - an uncursed amulet of clarity {unknown}
 L - an uncursed amulet of guardian spirit
 M - an uncursed amulet of stasis
 U - an uncursed amulet of rage
 Y - an uncursed ring of fire
Potions
 o - 4 potions of brilliance
 v - a potion of cancellation
 x - a potion of cure mutation
 z - 3 potions of magic
 B - a potion of invisibility
 G - 3 potions of agility
 J - 4 potions of might
 P - 3 potions of flight
 Q - 4 potions of curing
 W - 3 potions of restore abilities
Books
 H - Sif Muna's Compendium of the Damaging Oath
   (Sif Muna gifted it to you on level 1 of the Abyss)

   Spells                             Type                      Level
   Confusing Touch                    Hexes                        2
   *Ensorcelled Hibernation           Hexes/Ice                    2
   Inner Flame                        Hexes/Fire                   3
   Bolt of Draining                   Conjuration/Necromancy       5
   Chain Lightning                    Conjuration/Air              8
Magical staves
 Z - an uncursed staff of energy


   Skills:
 - Level 6.1 Fighting
 - Level 10.1 Short Blades
 - Level 0.8(4.1) Long Blades
 - Level 4.4 Crossbows
 - Level 7.4 Dodging
 - Level 16.4 Stealth
 - Level 10.0 Spellcasting
 - Level 10.3 Conjurations
 + Level 10.1 Hexes
 - Level 3.5 Charms
 - Level 10.0 Ice Magic
 - Level 1.5 Invocations


You had 2 spell levels left.
You knew the following spells:

 Your Spells              Type           Power        Failure   Level  Hunger
a - Corona                Hex            ######.      1%          1    None
b - Ensorcelled Hibernat  Hex/Ice        ######       1%          2    None
c - Sure Blade            Hex/Chrm       #####.....   1%          2    None
d - Dazzling Spray        Conj/Hex       ######..     1%          3    None
e - Confuse               Hex            ######..     1%          3    None
f - Bolt of Cold          Conj/Ice       ######....   17%         6    ######.
g - Condensation Shield   Ice            ######....   1%          4    ##.....
h - Regeneration          Chrm/Necr      ###.......   12%         3    None
i - Cure Poison           Pois           ##........   12%         2    None
j - Fulminant Prism       Conj/Hex       ######....   1%          4    ##.....
k - Blink                 Tloc           N/A          12%         2    None


Dungeon Overview and Level Annotations

Branches:
Dungeon (14/15)            Temple (0/1) D:6             Orc (4/4) D:10
   Lair (8/8) D:10         Shoals (0/5) Lair:6       Spider (0/5) Lair:3
  Slime (0/6) Lair:6       Vaults (0/5) D:13
    Elf: Orc:3-4

Altars:
Ashenzari
Cheibriados
Elyvilon
Makhleb
Nemelex Xobeh
Sif Muna
Zin
Beogh
Jiyva

Shops:
D:4 [*%[(   D:7 (}[?   D:8 [   D:13 :   Orc:1 !

Annotations:
D:4 Afay's ghost, experienced GrBe
D:6 exclusion: door
D:8 ciphuk's ghost, experienced OpIE


Innate Abilities, Weirdness & Mutations

You are small and have problems with some larger weapons.
You are carnivorous and can eat meat at any time.
You are resistant to hostile enchantments.
You can spit poison.
[Your vision is a little blurry.]
[Armour fits poorly on your strangely shaped body.]
[You are dopey. (Int -2)]
[You are very frail (-20% HP).]
[Your magical capacity is low (-10% MP).]
[You are weak. (Str -2)]
[You have difficulty communicating with the divine.]


Message History

Read which item? (? for menu, Esc to quit)
Your blink will be uncontrolled - continue anyway?
Okay, then.
Casting: Sure Blade
Confirm with . or Enter, or press ? or * to list all spells.
You blink.
You are covered in liquid flames!
The spatial maelstrom hits you.
* * * LOW HITPOINT WARNING * * *
Space bends around you.
* * * LOW HITPOINT WARNING * * *
The spatial maelstrom misses you.
A spatial vortex comes into view.
Casting: Blink
Confirm with . or Enter, or press ? or * to list all spells.
You blink.
You are covered in liquid flames!
* * * LOW HITPOINT WARNING * * *
The spatial vortex moves out of view.
The spatial maelstrom hits you!
You die...

...# ...#...#....
#.##..# ..#.......#
...#........# ....# #
.. ##.#v###....# .
#.#.....#..##...# #..
#..##.#.###...### ..
.#.#.#...ยง.#.....##
##.#.....v##.v......#
.......v.#...@#...##
.##..##.#.#3##.# #. .
.##.##..## # .# ##
### #.


You could see a spatial maelstrom and a smoke demon.

Vanquished Creatures
  Rupert (Lair:3)
  Frances (D:14)
  An orc warlord (Orc:4)
  Snorg (Lair:8)
  Fannar (Orc:3)
  Harold (Orc:2)
  4 hydras
  Erica (Lair:2)
  The ghost of Raxtorm the Basher, an experienced MiFi of the Shining One (Orc:1)
  4 death yaks (Lair:8)
  A giant orange brain (Abyss:1)
  A deep troll (D:13)
  9 large abominations (Abyss:1)
  3 unseen horrors
  3 catoblepae
  An ice statue (IceCv)
  Pikel (D:7)
  A necromancer (IceCv)
  A wizard (D:13)
  3 hill giants
  2 ugly things
  A griffon (Lair:4)
  2 cyclopes
  Joseph (Orc:3)
  A centaur zombie (D:13)
  6 elephants
  12 spiny frogs
  A smoke demon (Abyss:1)
  2 black mambas
  A komodo dragon (shapeshifter) (D:13)
  A fire drake (Lair:6)
  8 komodo dragons
  3 trolls
  Grinder (D:4)
  A queen bee (D:9)
  A polar bear (Lair:2)
  A slime creature (Lair:7)
  11 blink frogs
  2 fire vortices (D:14)
  3 raiju (Abyss:1)
  10 freezing wraiths (IceCv)
  A wolf spider simulacrum (IceCv)
  A boulder beetle (Lair:6)
  3 basilisks
  A baby alligator (shapeshifter) (D:13)
  A redback (Lair:3)
  A spriggan (D:10)
  6 deep elf magi
  4 hungry ghosts
  22 yaks
  A death yak simulacrum (IceCv)
  A wraith (D:7)
  4 fire bats (D:14)
  A steam dragon (D:10)
  Grum (Orc:3)
  3 wyverns
  7 wolves
  A chaos spawn (Abyss:1)
  8 hippogriffs
  A hill giant skeleton (D:9)
  2 wargs (Orc:4)
  9 porcupines
  A yellow wasp (D:10)
  A hell hound (D:14)
  14 orc warriors
  14 ice beasts
  13 water moccasins
  6 small abominations (Abyss:1)
  3 black bears
  A griffon simulacrum (D:14)
  5 starcursed masses (Abyss:1)
  4 phantoms
  A manticore zombie (D:13)
  3 slaves
  4 sky beasts
  12 crocodiles
  9 ogres
  A boring beetle (Lair:8)
  10 centaurs
  Sigmund (D:5)
  Duvessa (D:6)
  A yaktaur zombie (D:12)
  2 big kobolds
  A gnoll sergeant (D:13)
  8 jellies
  2 cyclops zombies (D:13)
  22 giant frogs
  4 scorpions
  A cyclops skeleton (D:8)
  38 killer bees
  An electric eel (Lair:7)
  7 draconian simulacra (IceCv)
  13 wights
  2 hippogriff skeletons
  2 lava snakes (D:14)
  2 crimson imps
  Dowan (D:6)
  13 orc priests
  12 hounds
  3 iguanas
  2 spriggan simulacra (IceCv)
  An elf skeleton (D:8)
  21 orc wizards
  A polar bear simulacrum (IceCv)
  3 troll simulacra (IceCv)
  15 worker ants
  21 sheep
  4 centaur simulacra (IceCv)
  Ijyb (D:3)
  A wolf simulacrum (IceCv)
  3 naga simulacra (IceCv)
  25 adders
  An ogre simulacrum (IceCv)
  6 gnolls (D:13)
  26 green rats
  4 shadow imps
  3 giant mites (D:6)
  13 white imps
  3 worms (D:4)
  An adder skeleton (D:4)
  7 giant geckos
  13 oozes
  156 orcs
  18 bats
  6 giant cockroaches
  28 goblins
  21 hobgoblins
  3 jackals (D:3)
  22 kobolds
  10 quokkas
  6 giant newts
  2 giant spores
  2 hobgoblin skeletons
  A hobgoblin zombie (D:7)
  A kobold skeleton (D:5)
  A kobold zombie (D:6)
  2 orc zombies
  A quokka zombie (D:7)
  19 rats
  4 ballistomycetes (D:7)
  2 plants (D:7)
909 creatures vanquished.

Vanquished Creatures (others)
  A fire vortex (D:14)
  32 fulminant prisms
  A hobgoblin (D:7)
  A kobold (D:7)
  A giant spore (D:7)
  8 fungi
  4 plants
48 creatures vanquished.

Grand Total: 957 creatures vanquished

Notes
Turn   | Place    | Note
--------------------------------------------------------------
     0 | D:1      | Psiweapon, the Kobold Enchanter, began the quest for the Orb.
     0 | D:1      | Reached XP level 1. HP: 10/10 MP: 3/3
   293 | D:1      | Reached XP level 2. HP: 15/15 MP: 2/4
   578 | D:1      | Learned a level 2 spell: Ensorcelled Hibernation
   581 | D:1      | Learned a level 2 spell: Sure Blade
  1138 | D:2      | Reached XP level 3. HP: 19/19 MP: 6/6
  1186 | D:2      | Found a shattered altar of Ashenzari.
  1198 | D:2      | Reached skill level 1 in Charms
  1497 | D:2      | Found a burning altar of Makhleb.
  1497 | D:2      | Found a deep blue altar of Sif Muna.
  1504 | D:2      | Became a worshipper of Sif Muna the Loreminder
  1565 | D:2      | Reached skill level 1 in Ice Magic
  1565 | D:2      | Reached XP level 4. HP: 12/24 MP: 1/7
  2639 | D:3      | Reached XP level 5. HP: 28/28 MP: 3/9
  2756 | D:3      | Found a sparkling altar of Nemelex Xobeh.
  3024 | D:4      | Found a snail-covered altar of Cheibriados.
  3058 | D:3      | Reached skill level 5 in Stealth
  3139 | D:4      | Noticed an ogre
  3141 | D:4      | Found Puetyt's Armour Shop.
  3149 | D:4      | HP: 1/28 [ogre/giant spiked club (27)]
  3639 | D:3      | Noticed Ijyb
  3663 | D:3      | Killed Ijyb
  3864 | D:4      | Killed an ogre
  3864 | D:4      | Reached XP level 6. HP: 32/32 MP: 10/10
  3882 | D:4      | Noticed Grinder
  3906 | D:4      | Learned a level 3 spell: Dazzling Spray
  3917 | D:5      | Entered Level 5 of the Dungeon
  3917 | D:5      | Noticed Sigmund
  3923 | D:5      | Killed Sigmund
  3923 | D:5      | Reached skill level 6 in Stealth
  3951 | D:4      | Found Chathedi's Weapon Shoppe.
  3972 | D:4      | Found a white marble altar of Elyvilon.
  4001 | D:4      | Noticed an ogre
  4006 | D:4      | Killed an ogre
  4006 | D:4      | Reached XP level 7. HP: 36/36 MP: 12/12
  4109 | D:4      | Bought a +0 leather armour of cold resistance for 117 gold pieces
  4211 | D:4      | Found Qaolao's Assorted Antiques.
  4282 | D:4      | Found Mnu Maa's Antique Armour Shop.
  4291 | D:4      | Bought a glowing hat for 96 gold pieces
  4306 | D:4      | Noticed Afay's ghost (experienced GrBe)
  4759 | D:5      | Reached skill level 5 in Dodging
  4895 | D:5      | Found a snail-covered altar of Cheibriados.
  5112 | D:6      | Noticed a cyclops
  5118 | D:6      | Killed a cyclops
  5118 | D:6      | Acquired Sif Muna's first power
  5118 | D:6      | Reached skill level 7 in Stealth
  5118 | D:6      | Reached XP level 8. HP: 36/41 MP: 13/13
  5148 | D:6      | Noticed Duvessa
  5149 | D:6      | Noticed Dowan
  5476 | D:6      | Found a staircase to the Ecumenical Temple.
  5682 | D:6      | Found a glowing drain.
  5705 | Sewer    | Entered a sewer
  5714 | Sewer    | Reached skill level 8 in Stealth
  5821 | Sewer    | Found a white marble altar of Elyvilon.
  6456 | D:7      | Reached XP level 9. HP: 45/45 MP: 17/17
  6466 | D:7      | Acquired Sif Muna's second power
  6466 | D:7      | Reached skill level 9 in Stealth
  6482 | D:7      | Noticed Pikel
  6575 | D:7      | Found Psaf's Magic Scroll Shop.
  6645 | D:7      | Found Ariog's Antique Armour Shop.
  6648 | D:7      | Found Moliff's Gadget Emporium.
  6648 | D:7      | Found Frajeqas' Weapon Shoppe.
  7352 | D:7      | Found a shattered altar of Ashenzari.
  7808 | D:7      | Reached skill level 10 in Stealth
  8070 | D:7      | Reached XP level 10. HP: 43/50 MP: 21/21
  8538 | D:7      | Killed Pikel
  8538 | D:7      | Reached skill level 5 in Spellcasting
  8538 | D:7      | Reached skill level 5 in Conjurations
  8850 | D:8      | Reached skill level 5 in Short Blades
  9137 | D:8      | Noticed ciphuk's ghost (experienced OpIE)
  9216 | D:7      | Learned a level 3 spell: Confuse
  9500 | D:8      | Found Udaalir's Antique Armour Emporium.
  9865 | D:9      | Reached skill level 11 in Stealth
  9906 | D:10     | Entered Level 10 of the Dungeon
  9906 | D:10     | Found a staircase to the Orcish Mines.
 10079 | D:9      | Reached skill level 1 in Crossbows
 10171 | D:9      | Reached skill level 5 in Hexes
 10499 | D:9      | Reached XP level 11. HP: 54/54 MP: 25/25
 10630 | D:9      | Acquired Sif Muna's third power
 11779 | D:10     | Learned a level 6 spell: Bolt of Cold
 11939 | D:10     | Found a staircase to the Lair.
 11963 | D:10     | Reached skill level 12 in Stealth
 11997 | Lair:1   | Entered Level 1 of the Lair of Beasts
 12015 | Lair:1   | Learned a level 4 spell: Condensation Shield
 13150 | Lair:2   | Noticed Erica
 13387 | Lair:2   | Killed Erica
 13501 | Lair:2   | Noticed a seven-headed hydra
 13896 | Lair:2   | Reached XP level 12. HP: 59/59 MP: 26/26
 14460 | Lair:3   | Reached skill level 5 in Ice Magic
 14490 | Lair:3   | Noticed Rupert
 14623 | D:10     | Reached skill level 13 in Stealth
 14816 | D:11     | Got a wavering turquoise ring
 14837 | D:11     | Identified the cursed ring of Xagh {Fire Str-3 Int-3} (You found it on level 11 of the Dungeon)
 16333 | D:12     | Reached skill level 10 in Short Blades
 16473 | D:12     | Gained mutation: You can spit poison. [mutagenic meat]
 16474 | D:12     | Gained mutation: [You are frail (-10% HP).] [mutagenic meat]
 16475 | D:12     | Gained mutation: You are resistant to hostile enchantments. [mutagenic meat]
 17080 | D:13     | Learned a level 3 spell: Regeneration
 17187 | D:13     | Found Puc Ishe's Book Shop.
 17244 | D:13     | Received a gift from Sif Muna
 17252 | D:13     | Identified Sif Muna's Grimoire of the Voyage (Sif Muna gifted it to you on level 13 of the Dungeon)
 17421 | D:13     | Reached XP level 13. HP: 15/56 MP: 5/27
 18042 | Lair:3   | Killed Rupert
 18213 | Lair:3   | Found a hole to the Spider Nest.
 18965 | Lair:4   | Reached skill level 14 in Stealth
 19605 | Lair:4   | Learned a level 2 spell: Cure Poison
 19841 | Lair:5   | Received a gift from Sif Muna
 19859 | Lair:5   | Identified Profes Fyke's Volume of the Excruciating Snowflakes (Sif Muna gifted it to you on level 5 of the Lair of Beasts)
 20741 | Lair:6   | Found a staircase to the Shoals.
 21361 | D:4      | Bought a glowing cutlass for 76 gold pieces
 21361 | D:4      | Bought a purple potion for 17 gold pieces
 21361 | D:4      | Bought a runed cutlass for 76 gold pieces
 21404 | D:4      | Found Metuucata's Food Emporium.
 21429 | D:4      | Noticed a phantom
 21436 | D:4      | Killed a phantom
 21463 | D:4      | Killed Grinder
 21691 | D:6      | Killed Dowan
 21710 | D:6      | Killed Duvessa
 21993 | D:8      | Found a glowing silver altar of Zin.
 22552 | Lair:6   | Found a viscous altar of Jiyva.
 22553 | Lair:6   | Found a staircase to the Slime Pits.
 23200 | Lair:6   | Reached XP level 14. HP: 61/61 MP: 30/30
 24430 | Lair:8   | Entered Level 8 of the Lair of Beasts
 24471 | Lair:8   | Reached skill level 15 in Stealth
 24826 | Lair:8   | Reached skill level 10 in Conjurations
 24911 | Lair:7   | Received a gift from Sif Muna
 24914 | Lair:7   | Identified Sif Muna's Almanac of Curses and the Glacier (Sif Muna gifted it to you on level 7 of the Lair of Beasts)
 25056 | Lair:8   | Noticed Snorg
 25120 | Lair:8   | Killed Snorg
 25762 | Lair:8   | Reached skill level 10 in Ice Magic
 26172 | Orc:1    | Entered Level 1 of the Orcish Mines
 26202 | Orc:1    | Noticed Raxtorm's ghost (experienced MiFi)
 26226 | Orc:1    | Killed Raxtorm's ghost
 26452 | Orc:1    | Found Stiu's Distillery.
 26474 | Orc:1    | Bought a potion of poison for 13 gold pieces
 26474 | Orc:1    | Bought a potion of heal wounds for 39 gold pieces
 26474 | Orc:1    | Bought a potion of curing for 26 gold pieces
 26474 | Orc:1    | Bought a potion of brilliance for 32 gold pieces
 26474 | Orc:1    | Bought a potion of might for 32 gold pieces
 26474 | Orc:1    | Bought a potion of heal wounds for 39 gold pieces
 26474 | Orc:1    | Bought a potion of degeneration for 26 gold pieces
 26660 | Orc:1    | Found a roughly hewn altar of Beogh.
 26730 | Orc:2    | Found a frozen archway.
 26763 | IceCv    | Entered an ice cave
 27219 | IceCv    | Reached skill level 16 in Stealth
 27808 | IceCv    | Found an ancient bone altar of Kikubaaqudgha.
 28066 | IceCv    | Upgraded the game from 0.16-a0-787-g31dbbe7 to 0.16-a0-791-gf1c67de
 28071 | IceCv    | Learned a level 4 spell: Fulminant Prism
 28229 | IceCv    | Identified the Collected Works on the Frostbite (You found it in an ice cave)
 29305 | Orc:2    | Noticed Harold
 29322 | Orc:2    | Killed Harold
 29322 | Orc:2    | Reached XP level 15. HP: 61/64 MP: 27/32
 29504 | Orc:3    | Reached skill level 1 in Fighting
 29512 | Orc:3    | Noticed Joseph
 29778 | Orc:3    | Killed Joseph
 30005 | Orc:3    | Noticed Fannar
 30212 | Orc:3    | Killed Fannar
 30212 | Orc:3    | Reached skill level 10 in Spellcasting
 30378 | Orc:3    | Noticed Grum
 30396 | Orc:3    | Killed Grum
 30663 | Orc:4    | Entered Level 4 of the Orcish Mines
 30668 | Orc:4    | Noticed an orc warlord
 31032 | Orc:4    | Killed an orc warlord
 31032 | Orc:4    | Reached skill level 1 in Invocations
 31261 | Lair:2   | Learned a level 3 spell: Confuse
 31264 | Lair:2   | Learned a level 2 spell: Blink
 31456 | D:12     | Noticed a seven-headed hydra
 31470 | D:12     | Killed a seven-headed hydra
 31783 | D:12     | Found a sparkling altar of Nemelex Xobeh.
 31962 | D:13     | Noticed a seven-headed hydra
 32020 | D:13     | Killed a seven-headed hydra
 32196 | D:13     | Found a gate to the Vaults.
 32458 | D:14     | Reached skill level 5 in Fighting
 32645 | D:14     | Noticed Frances
 32649 | D:14     | Killed Frances
 33063 | D:14     | Cast into the Abyss (a distortion unwield)
 33329 | Abyss:1  | Received a gift from Sif Muna
 33330 | Abyss:1  | Identified Sif Muna's Compendium of the Damaging Oath (Sif Muna gifted it to you on level 1 of the Abyss)
 33776 | Abyss:1  | Reached skill level 10 in Hexes
 33851 | Abyss:1  | Noticed a lich
 33949 | Abyss:1  | HP: 1/67 [wretched star/orb of energy (28)]
 33960 | Abyss:1  | Noticed a tentacled starspawn
 33998 | Abyss:1  | Noticed a tentacled starspawn
 34152 | Abyss:1  | Slain by a spatial maelstrom

Action                   |  1- 3 |  4- 6 |  7- 9 | 10-12 | 13-15 || total
-------------------------+-------+-------+-------+-------+-------++-------
Melee: Dagger            |    84 |    81 |   227 |   703 |   921 ||  2016
       Scimitar          |       |       |       |     3 |    81 ||    84
       Hand crossbow     |       |       |       |     1 |       ||     1
       Cutlass           |       |       |       |       |    26 ||    26
 Fire: Hand crossbow     |       |       |       |    15 |       ||    15
Throw: Tomahawk          |     6 |    13 |     4 |    13 |    27 ||    63
       Stone             |       |       |     1 |       |       ||     1
 Cast: Corona            |     4 |    13 |     3 |    17 |     9 ||    46
       Ensorcelled Hiber |    11 |    29 |    64 |   168 |   215 ||   487
       Sure Blade        |       |     1 |     1 |     5 |     2 ||     9
       Dazzling Spray    |       |       |    43 |   116 |   206 ||   365
       Confuse           |       |       |       |    43 |   111 ||   154
       Condensation Shie |       |       |       |     9 |    20 ||    29
       Bolt of Cold      |       |       |       |       |    23 ||    23
       Cure Poison       |       |       |       |       |     3 ||     3
       Fulminant Prism   |       |       |       |       |    32 ||    32
       Regeneration      |       |       |       |       |    26 ||    26
       Blink             |       |       |       |       |     2 ||     2
Invok: Channel Energy    |       |       |    23 |   258 |   504 ||   785
       Forget Spell      |       |       |       |       |     1 ||     1
Evoke: Wand              |       |       |       |     8 |    21 ||    29
  Use: Scroll            |       |     3 |     8 |    12 |    18 ||    41
       Potion            |       |       |     1 |     6 |    13 ||    20
 Stab: Sleeping          |    10 |    30 |    62 |   127 |   205 ||   434
       Distracted        |       |     2 |       |     4 |    10 ||    16
       Invisible         |       |       |    11 |    38 |    58 ||   107
       Confused          |       |       |       |    19 |    44 ||    63
  Eat: Chunk             |    10 |    10 |    17 |    81 |   104 ||   222
       Royal jelly       |       |       |       |     1 |     3 ||     4
       Pizza             |       |       |       |     1 |       ||     1
       Beef jerky        |       |       |       |     1 |     4 ||     5
       Meat ration       |       |       |       |       |     3 ||     3
